 Dungeon Crawl Stone Soup version 0.22.0-5-gf09313c (webtiles) character file.

24509 inmateoo the Impaler (level 13, -13/96 HPs)
             Began as a Merfolk Gladiator on Aug 13, 2018.
             Was an Elder of Hepliaklqana.
             Killed from afar by Nessos the shock serpent (22 damage)
             ... with a bolt of electricity
             ... on level 12 of the Dungeon.
             The game lasted 00:27:44 (17730 turns).

inmateoo the Impaler (Merfolk Gladiator)           Turns: 17730, Time: 00:27:44

Health: -13/96     AC: 11    Str: 17    XL:     13   Next: 13%
Magic:  17/17      EV: 26    Int:  7    God:    Hepliaklqana [****..]
Gold:   808        SH:  0    Dex: 20    Spells: 12/12 levels left

rFire    . . .     SeeInvis .   g - +3 glaive
rCold    . . .     Gourm    .   (shield currently unavailable)
rNeg     . . .     Faith    .   l - +3 leather armour
rPois    +         Spirit   .   c - +1 helmet
rElec    .         Reflect  .   G - +2 cloak
rCorr    .         Harm     .   (no gloves)
MR       .....                  (no boots)
Stlth    ++........             J - amulet of rage
HPRegen  0.26/turn              H - ring "Plog" {EV+3 Dex+2}
MPRegen  0.15/turn              w - ring of poison resistance

@: very slightly contaminated
A: change form in water, swift swim, stealthy swim, reduced essence
a: Recall Ancestor, Ancestor Identity, Transference, Idealise, Renounce
Religion, Evoke Berserk Rage


You were on level 12 of the Dungeon.
You worshipped Hepliaklqana.
Hepliaklqana was greatly pleased with you.
You were not hungry.

You visited 1 branch of the dungeon, and saw 13 of its levels.
You also visited: Ice Cave.

You collected 1205 gold pieces.
You spent 397 gold pieces at shops.

Inventory:

Hand Weapons
 a - a +1 trident
 g - a +3 glaive (weapon)
 D - the +6 battleaxe "Giantbane" {elec, rN+}
   (You found it on level 8 of the Dungeon)

   Occasionally, upon striking a foe, it will discharge some electrical energy
   and cause terrible harm.
   It protects you from negative energy.
Missiles
 d - 2 throwing nets (quivered)
Armour
 c - a +1 helmet (worn)
 l - a +3 leather armour (worn)
 B - +0 ice dragon scales
 G - a +2 cloak (worn)
Jewellery
 w - a ring of poison resistance (right hand)
 H - the ring "Plog" (left hand) {EV+3 Dex+2}
   (You found it in an ice cave)

   [ring of evasion]

   It affects your evasion (+3).
   It affects your dexterity (+2).
 J - an amulet of rage (around neck)
Wands
 s - a wand of enslavement (1)
 t - a wand of iceblast (10)
 C - a wand of polymorph (3)
Scrolls
 e - 3 scrolls of identify
 h - 6 scrolls of remove curse
 o - 3 scrolls of enchant armour
 q - 2 scrolls of amnesia
 v - 2 scrolls of immolation
 z - a scroll of fear
 A - 3 scrolls of blinking
 F - 2 scrolls of enchant weapon
Potions
 j - a potion of flight
 k - 4 potions of brilliance
 m - 8 potions of curing
 n - 2 potions of mutation
 r - 2 potions of might
 u - 2 potions of magic
 x - a potion of haste
 E - a potion of agility
Miscellaneous
 b - a lightning rod (4/4)
 p - a fan of gales
Comestibles
 f - 25 rations
 i - 6 chunks of flesh


   Skills:
 + Level 11.7 Fighting
 * Level 19.7 Polearms
 - Level 2.0 Throwing
 + Level 13.8 Dodging
 + Level 5.8 Invocations


You had 12 spell levels left.
You didn't know any spells.
Your spell library contained the following spells:

 Spells                   Type           Power        Failure   Level  Hunger
 Fireball                 Conj/Fire      #.........   100%        5    ######.
 Bolt of Fire             Conj/Fire      #.........   100%        6    #######
 Mephitic Cloud           Conj/Pois/Air  #.......     86%         3    ####...
 Ring of Flames           Chrm/Fire      #.........   100%        7    #######
 Venom Bolt               Conj/Pois      #.........   100%        5    ######.
 Olgreb's Toxic Radiance  Pois           #.......     99%         4    #####..
 Teleport Other           Tloc           #.......     86%         3    ####...
 Summon Small Mammal      Summ           #...         50%         1    ##.....
 Blink                    Tloc           N/A          65%         2    ###....
 Sting                    Conj/Pois      #...         50%         1    ##.....
 Ignite Poison            Fire/Tmut/Pois #.......     86%         3    ####...
 Passage of Golubria      Tloc           N/A          99%         4    #####..
 Shroud of Golubria       Chrm/Tloc      #.........   65%         2    ###....
 Summon Forest            Summ/Tloc      #.........   100%        5    ######.
 Dragon's Call            Summ           #.........   100%        9    #######
 Summon Mana Viper        Hex/Summ       #.......     100%        5    ######.
 Gell's Gravitas          Tloc           #.........   86%         3    ####...
 Lesser Beckoning         Tloc           #.........   86%         3    ####...
 Poisonous Vapours        Pois/Air       #.....       65%         2    ###....
 Ignition                 Fire           #.........   100%        8    #######


Dungeon Overview and Level Annotations

Branches:
Dungeon (13/15)            Temple (0/1) D:7            Lair (0/6) D:10
    Orc (0/2) D:11
 Vaults: D:13-14

Altars:
Cheibriados
Dithmenos
Elyvilon
Gozag
Hepliaklqana
Makhleb
Nemelex Xobeh
Okawaru
Qazlal
Sif Muna
Uskayaw
Vehumet
Yredelemnul

Shops:
D:8 *   D:10 =   D:11 !

Annotations:
D:3 1 runed door
D:11 3 runed doors, Ymberto's ghost, journeyman DEFE
D:12 Nessos; Snorg
D:13 3 runed doors


Message History

Attack whom?
Press: ? - help, Dir - move target cursor, f/p - Nessos
Aim: Nessos the shock serpent (almost dead)
You barely miss Nessos.
Nessos is almost dead.
Nessos completely misses you.
Attack whom?
Press: ? - help, Dir - move target cursor, f/p - Nessos
Aim: Nessos the shock serpent (almost dead)
You closely miss Nessos.
Nessos is almost dead.
Nessos completely misses you.
Attack whom?
Press: ? - help, Dir - move target cursor, f/p - Nessos
Aim: Nessos the shock serpent (almost dead)
You hit Nessos.
Nessos is almost dead.
Nessos shoots out a bolt of lightning at you!
The bolt of electricity hits you!
You die...

# #.##.##.######........#
# #.##.##.# #.#####..# #
#.##.##.# #.#####..# #
#.......# #.##.....# #
####.####### #.##.##.## ##
#.......# #.##.##.# .##
#....##.# #.......# ..#
#.##.##.###.##.##.#
..######.##.....@S....##.#
†.....##.#####.###.#####.#
..###.##.#####.# #.#####.#
).# #.##.......# #.......#
..# #.########## #########
..# #.######## ))#
#........# ..#
#..#####.### .##
#.....##...##


You could see Nessos the shock serpent.

Vanquished Creatures
  Erolcha (D:9)
  A hydra (D:11)
  2 ice dragons (IceCv)
  A centaur warrior (D:13)
  2 two-headed ogres
  2 unseen horrors
  Pikel (D:9)
  3 cyclopes
  A manticore (D:12)
  An ugly thing (D:11)
  2 ice statues (IceCv)
  2 rime drakes (IceCv)
  A komodo dragon (D:12)
  2 trolls
  A queen bee (D:10)
  A slime creature (D:5)
  A hippogriff (D:13)
  Prince Ribbit (D:5)
  A spriggan (shapeshifter) (D:12)
  A wraith (D:10)
  7 yaks
  A vampire (D:12)
  Edmund (D:5)
  Menkaure (D:7)
  3 orc warriors (D:9)
  2 black bears
  A sky beast (D:5)
  11 ice beasts (IceCv)
  7 ogres
  4 phantoms
  An eye of draining (D:12)
  6 centaurs
  A necrophage (D:13)
  5 big kobolds
  9 bullfrogs
  3 scorpions
  A wyvern skeleton (D:12)
  9 killer bees
  A howler monkey (D:12)
  2 crimson imps
  A centaur skeleton (D:11)
  5 jellies
  3 bullfrog skeletons
  5 orc priests
  6 hounds
  13 orc wizards
  3 iguanas
  10 worker ants
  A bullfrog simulacrum (D:11)
  A hound zombie (D:6)
  16 adders
  2 howler monkey skeletons
  3 shadow imps
  10 white imps (D:12)
  5 oozes
  3 worms
  2 dart slugs
  5 leopard geckos
  47 orcs
  3 ball pythons
  5 giant cockroaches
  13 goblins
  8 hobgoblins
  5 jackals
  13 kobolds
  6 quokkas
  3 frilled lizards (D:1)
  A giant cockroach zombie (D:5)
  A jackal skeleton (D:5)
  A leopard gecko skeleton (D:4)
  7 rats
  2 fungi (D:5)
313 creatures vanquished.

Vanquished Creatures (collateral kills)
  An unseen horror (D:10)
  2 ugly things (D:11)
  A troll (shapeshifter) (D:11)
  A troll (D:10)
  Grinder (D:6)
  A slime creature (D:5)
  2 hippogriffs
  A redback (D:11)
  5 yaks
  A hungry ghost (D:8)
  A wraith (D:11)
  A soldier ant (D:13)
  A hornet zombie (D:11)
  An orc warrior (D:9)
  2 slaves (D:9)
  A phantom (D:10)
  2 sky beasts
  A necrophage (D:8)
  4 ice beasts
  An ogre (D:7)
  4 centaurs
  2 big kobolds (D:5)
  3 bullfrogs
  A water moccasin skeleton (D:11)
  2 scorpions
  9 killer bees
  4 wights (D:8)
  A centaur zombie (D:7)
  A jelly (D:5)
  A crimson imp (D:5)
  4 orc priests
  2 orc wizards (D:9)
  4 iguanas
  A worker ant (D:8)
  A killer bee zombie (D:6)
  2 white imps (D:12)
  An ooze (D:5)
  14 orcs
  2 jackals (D:9)
  4 kobolds
  A butterfly (D:7)
  A fungus (D:5)
96 creatures vanquished.

Vanquished Creatures (others)
  An unseen horror (D:11)
  A cyclops (D:11)
  A centaur (D:11)
  7 knights
  An orc wizard (D:6)
  7 ancestors
  2 orcs
  6 fungi
  2 plants (D:13)
  8 toadstools (D:5)
36 creatures vanquished.

Grand Total: 445 creatures vanquished

Notes
Turn   | Place    | Note
-------+----------+-------------------------------------------
     0 | D:1      | inmateoo the Merfolk Gladiator began the quest for the Orb.
     0 | D:1      | Reached XP level 1. HP: 16/16 MP: 1/1
    77 | D:1      | Reached XP level 2. HP: 21/23 MP: 2/2
   179 | D:1      | Reached skill level 5 in Polearms
   779 | D:2      | Reached XP level 3. HP: 28/28 MP: 3/3
  1182 | D:2      | Reached XP level 4. HP: 25/34 MP: 4/4
  1390 | D:2      | Reached skill level 6 in Polearms
  1392 | D:2      | Found a stormy altar of Qazlal.
  1825 | D:3      | Reached skill level 5 in Dodging
  1825 | D:3      | Reached XP level 5. HP: 41/41 MP: 5/5
  1923 | D:3      | Reached skill level 7 in Polearms
  1942 | D:3      | Found a radiant altar of Vehumet.
  1971 | D:3      | Reached XP level 6. HP: 16/48 MP: 6/6
  2477 | D:3      | Found a burning altar of Makhleb.
  2605 | D:3      | Found a runed door.
  2605 | D:3      | Noticed a human
  2640 | D:3      | Found a basalt altar of Yredelemnul.
  2827 | D:4      | Found a sparkling altar of Nemelex Xobeh.
  3485 | D:4      | Reached skill level 8 in Polearms
  3777 | D:4      | Reached XP level 7. HP: 55/55 MP: 7/7
  4206 | D:4      | Reached skill level 9 in Polearms
  4545 | D:5      | Entered Level 5 of the Dungeon
  4591 | D:5      | Noticed Prince Ribbit
  4592 | D:5      | Found a hide-covered altar of Uskayaw.
  4924 | D:5      | Reached skill level 5 in Fighting
  5043 | D:5      | Killed Prince Ribbit
  5043 | D:5      | Reached skill level 10 in Polearms
  5043 | D:5      | Reached XP level 8. HP: 44/63 MP: 8/8
  5230 | D:5      | Found a hazy altar of Hepliaklqana.
  5230 | D:5      | Noticed Edmund
  5236 | D:5      | Became a worshipper of Hepliaklqana the Forgotten
  5252 | D:5      | Killed Edmund
  5625 | D:5      | Reached skill level 11 in Polearms
  5661 | D:5      | Got an encrusted falchion
  5737 | D:5      | Reached XP level 9. HP: 58/63 MP: 9/9
  5856 | D:5      | Reached skill level 12 in Polearms
  6090 | D:5      | Found a shadowy altar of Dithmenos.
  6635 | D:5      | Reached skill level 13 in Polearms
  7274 | D:6      | Noticed Grinder
  7288 | D:6      | Killed Grinder
  7350 | D:6      | Found an opulent altar of Gozag.
  7389 | D:6      | Reached XP level 10. HP: 46/72 MP: 10/10
  7532 | D:6      | Reached * piety under Hepliaklqana
  7559 | D:6      | Found a snail-covered altar of Cheibriados.
  7571 | D:6      | Reached skill level 14 in Polearms
  7943 | D:7      | Found a deep blue altar of Sif Muna.
  7982 | D:7      | Noticed Menkaure
  7988 | D:7      | Killed Menkaure
  7988 | D:7      | Reached skill level 10 in Dodging
  8485 | D:7      | Found a staircase to the Ecumenical Temple.
  8959 | D:8      | Got a jewelled battleaxe
  8963 | D:8      | Reached ** piety under Hepliaklqana
  8964 | D:8      | Remembered your ancestor Caesarion as a knight
  9255 | D:8      | Reached skill level 15 in Polearms
  9406 | D:8      | Found Wucaoseo's General Store.
  9411 | D:8      | Bought a +2 cloak for 247 gold pieces
  9411 | D:8      | Bought 2 potions of heal wounds for 150 gold pieces
  9600 | D:8      | Noticed a two-headed ogre
  9615 | D:8      | Killed a two-headed ogre
 10087 | D:9      | Noticed Erolcha
 10104 | D:9      | Killed Erolcha
 10104 | D:9      | Reached skill level 16 in Polearms
 10104 | D:9      | Reached XP level 11. HP: 80/80 MP: 11/11
 10320 | D:9      | Found an iron altar of Okawaru.
 10564 | D:10     | Entered Level 10 of the Dungeon
 11183 | D:10     | Killed an unseen horror
 11418 | D:9      | Found a burning altar of Makhleb.
 11423 | D:9      | Identified the +11 falchion of Patterns {antimagic, Str-4 Int+5 Stlth+} (You found it on level 5 of the Dungeon)
 11424 | D:9      | Identified the +6 battleaxe "Giantbane" {elec, rN+} (You found it on level 8 of the Dungeon)
 11579 | D:9      | Reached skill level 17 in Polearms
 11818 | D:9      | Found a white marble altar of Elyvilon.
 11861 | D:9      | Noticed Pikel
 11887 | D:9      | Killed Pikel
 11887 | D:9      | Reached skill level 10 in Fighting
 12362 | D:10     | Reached *** piety under Hepliaklqana
 12449 | D:10     | Found Simysun's Jewellery Shop.
 12619 | D:10     | Found a staircase to the Lair.
 13078 | D:11     | Reached skill level 1 in Invocations
 13330 | D:11     | Noticed a two-headed ogre
 13338 | D:11     | Noticed a cyan ugly thing
 13343 | D:11     | Killed a two-headed ogre
 13343 | D:11     | Noticed a white ugly thing
 13343 | D:11     | Noticed a brown ugly thing
 13408 | D:11     | Noticed Urug
 13408 | D:11     | Noticed a cyclops
 13410 | D:11     | Noticed a cyclops
 13413 | D:10     | Reached XP level 12. HP: 75/88 MP: 13/13
 14044 | D:11     | Noticed Urug
 14044 | D:11     | Urug changed into Urug the redback
 14057 | D:11     | Killed Urug the redback
 14057 | D:11     | Reached skill level 18 in Polearms
 14275 | D:11     | Found Ruuxzyme's Distillery.
 14276 | D:11     | Found a staircase to the Orcish Mines.
 14609 | D:11     | Identified the Grimoire of Calling
 14755 | D:11     | Noticed a six-headed hydra
 14798 | D:11     | Killed a six-headed hydra
 14944 | D:11     | Noticed a minotaur
 14945 | D:11     | Found a runed gate.
 14945 | D:11     | Found a runed gate.
 14946 | D:11     | Found a runed gate.
 14946 | D:11     | Noticed a five-headed hydra
 14958 | D:11     | Noticed Ymberto's ghost (journeyman DEFE)
 15553 | D:12     | Found a frozen archway.
 15584 | IceCv    | Entered an ice cave
 15584 | IceCv    | Reached **** piety under Hepliaklqana
 15728 | IceCv    | Reached skill level 19 in Polearms
 16816 | IceCv    | Reached skill level 5 in Invocations
 16913 | IceCv    | Noticed an ice dragon
 16923 | IceCv    | Killed an ice dragon
 16925 | IceCv    | Noticed an ice dragon
 16931 | IceCv    | Killed an ice dragon
 16931 | IceCv    | Reached XP level 13. HP: 65/95 MP: 15/17
 16980 | IceCv    | Got a steaming bronze ring
 17158 | D:12     | Identified the ring "Plog" {EV+3 Dex+2} (You found it in an ice cave)
 17248 | D:12     | Noticed Snorg
 17275 | D:13     | Found a runed gate.
 17492 | D:13     | Found a runed gate.
 17492 | D:13     | Found a runed gate.
 17711 | D:13     | Noticed Nessos
 17714 | D:13     | Noticed Nessos
 17714 | D:13     | Nessos changed into Nessos the shock serpent
 17730 | D:12     | Killed from afar by Nessos the shock serpent

Skill      XL: |  1  2  3  4  5  6  7  8  9 10 11 12 |
---------------+-------------------------------------+-----
Polearms       | 5 6 7 8 10 11 13 16 17 19 | 19.7
Fighting       | 3 4 5 6 7 9 10 11 | 11.7
Dodging        | 5 6 7 8 9 11 12 13 | 13.8
Invocations    | 2 5 |  5.8
Throwing       | |  2.0

Action                   |  1- 3 |  4- 6 |  7- 9 | 10-12 | 13-15 || total
-------------------------+-------+-------+-------+-------+-------++-------
Melee: Trident           |   107 |   208 |   367 |   652 |       ||  1334
       Glaive            |       |       |       |   233 |    60 ||   293
Throw: Throwing net      |       |       |     1 |       |       ||     1
Invok: Recall Ancestor   |       |       |     1 |     3 |       ||     4
       Ancestor Life: Kn |       |       |       |     1 |       ||     1
Evoke: Wand              |       |       |     7 |    13 |     5 ||    25
       Phantom mirror    |       |       |       |     1 |       ||     1
  Use: Scroll            |       |       |       |    20 |     4 ||    24
       Potion            |       |       |       |     6 |       ||     6
 Stab: Sleeping          |     2 |     2 |     1 |     7 |     1 ||    13
       Distracted        |       |       |     4 |    14 |       ||    18
  Eat: Chunk             |     1 |     7 |    13 |    22 |     2 ||    45
       Ration            |       |       |       |     3 |       ||     3
Armor: Leather armour    |    16 |    41 |    21 |    64 |    12 ||   154
Dodge: Dodged            |    44 |   120 |   129 |   380 |    79 ||   752
